 Dungeon Crawl Stone Soup version 0.23-b1-84-g6588a6b (webtiles) character file.

Game seed: 7248501478046220586

23382 Naphistim the Cleaver (level 12, -3/118 HPs)
             Began as a Minotaur Berserker on Feb 10, 2019.
             Was a High Priest of Trog.
             Killed from afar by an oklob plant (5 damage)
             ... with a splash of acid
             ... on level 3 of the Lair of Beasts.
             The game lasted 00:20:48 (11166 turns).

Naphistim the Cleaver (Minotaur Berserker)         Turns: 11166, Time: 00:20:48

Health: -3/118     AC: 16    Str: 34    XL:     12   Next: 71%
Magic:  11/11      EV:  9    Int:  4    God:    Trog [*****.]
Gold:   919        SH:  0    Dex: 10    Spells: 11/11 levels left

rFire    + + .     SeeInvis .   o - +4 battleaxe (freeze)
rCold    x . .     Gourm    .   (shield currently unavailable)
rNeg     . . .     Faith    .   b - +9 plate armour "Pusap" {rF++ rC- Str+7}
rPois    .         Spirit   .   (helmet unavailable)
rElec    .         Reflect  .   G - +0 cloak
rCorr    .         Harm     .   (no gloves)
MR       +....                  (no boots)
Stlth    ..........             i - amulet of regeneration
HPRegen  0.69/turn              l - +5 ring of protection
MPRegen  0.12/turn              a - +3 ring of slaying

@: corroded
A: retaliatory headbutt, horns 3, magic resistance 1
a: Berserk, Trog's Hand, Brothers in Arms, Renounce Religion


You were on level 3 of the Lair of Beasts.
You worshipped Trog.
Trog was extremely pleased with you.
You were not hungry.

You visited 2 branches of the dungeon, and saw 13 of its levels.
You also visited: Ossuary.

You collected 919 gold pieces.

Inventory:

Hand Weapons
 o - a +4 battleaxe of freezing (weapon)
 v - a +4 battleaxe of electrocution
Missiles
 x - 4 exploding tomahawks (quivered)
Armour
 b - the +9 plate armour "Pusap" (worn) {rF++ rC- Str+7}
   (You found it on level 6 of the Dungeon)

   It affects your strength (+7).
   It greatly protects you from fire.
   It makes you vulnerable to cold.
 G - a +0 cloak (worn)
Jewellery
 a - a +3 ring of slaying (right hand)
 f - an uncursed ring of stealth
 i - an amulet of regeneration (around neck)
 l - a +5 ring of protection (left hand)
Wands
 s - a wand of polymorph (10)
 u - a wand of enslavement (12)
 y - a wand of acid (9)
 B - a wand of disintegration (14)
 F - a wand of flame (17)
Scrolls
 e - 5 scrolls of identify
 g - 5 scrolls of teleportation
 j - 7 scrolls of remove curse
 n - a scroll of magic mapping
 p - 2 scrolls of enchant weapon {unknown}
 r - 3 scrolls of enchant armour
Potions
 d - 3 potions of cancellation
 h - a potion of mutation
 k - 2 potions of haste
 m - 5 potions of curing
 q - 3 potions of resistance
 t - a potion of agility
 w - a potion of lignification
 A - a potion of flight
 C - 2 potions of might
Comestibles
 c - 24 rations


   Skills:
 + Level 14.6 Fighting
 + Level 14.7 Axes
 + Level 14.4 Armour
 - Level 2.1 Dodging


You had 11 spell levels left.
You didn't know any spells.
Your spell library was empty.

Dungeon Overview and Level Annotations

Branches:
Dungeon (10/15)            Temple (0/1) D:4            Lair (3/6) D:10
 Shoals (0/4) Lair:3       Spider (0/4) Lair:3          Orc (0/2) D:10

Altars:
Ashenzari
Dithmenos
Elyvilon
Fedhas
Hepliaklqana
Kikubaaqudgha
Qazlal
Ru
Trog
Wu Jian
Xom
Zin

Shops:
D:10 *

Annotations:
Lair:3 exclusion: 3 oklob plants


Innate Abilities, Weirdness & Mutations

You reflexively headbutt those who attack you in melee.
You have a pair of large horns on your head.
You are resistant to hostile enchantments. (MR+)


Message History

The splash of acid hits you. The acid corrodes you!
You are splashed with acid!
* * * LOW HITPOINT WARNING * * *
The oklob plant spits acid at you.
The splash of acid hits you but does no damage.
You are splashed with acid!
* * * LOW HITPOINT WARNING * * *
The crocodile misses you.
Okay, then.
Okay, then.
Okay, then.
Your iron troll goes berserk!
You feel quite a bit more hungry. The oklob plant spits acid at you.
The splash of acid hits you.
* * * LOW HITPOINT WARNING * * *
The acid corrodes you!
You are splashed with acid!
* * * LOW HITPOINT WARNING * * *
The oklob plant spits acid at you. The splash of acid hits you.
You die...

####### #?P::/#
#.$.$P# #.$..(#
#.$))T# #$)P@t#
##PPP..## #.......#
### # #.#......#
#.###### #
####.#.########..#...
#.................
#######...####....
###.# #.... ### #....


You could see 3 oklob plants, a crocodile and a friendly iron troll (berserk).

Vanquished Creatures
  3 hydras
  A centaur warrior (D:9)
  2 two-headed ogres
  The ghost of PixelatedCat the Cleaver, a journeyman GrFi of Makhleb (D:10)
  3 oklob plants (Lair:3)
  4 elephants (Lair:3)
  2 black mambas (Lair:3)
  3 spiny frogs
  A rime drake (Lair:3)
  2 komodo dragons
  A queen bee (D:10)
  A polar bear (Lair:2)
  2 hornets (D:10)
  2 dream sheep (D:8)
  5 hippogriffs
  Sigmund (D:3)
  A wraith (D:10)
  23 yaks
  2 wyverns
  2 hungry ghosts
  Menkaure (D:7)
  4 water moccasins
  Duvessa (D:5)
  3 orc warriors
  2 sky beasts (D:7)
  6 porcupines
  5 ice beasts
  7 ogres
  A phantom (D:10)
  3 wolves (Lair:2)
  7 centaurs
  5 big kobolds
  4 crocodiles
  6 bullfrogs
  A gnoll sergeant (D:9)
  Dowan (D:5)
  A water moccasin zombie (D:10)
  2 killer bees (D:10)
  5 scorpions
  12 wights
  3 bullfrog zombies
  2 electric eels (D:8)
  A lava snake (D:8)
  2 centaur zombies
  6 crimson imps
  A human zombie (Ossuary)
  4 hounds
  A gnoll shaman (D:9)
  6 orc priests
  2 jellies
  Terence (D:3)
  2 iguanas
  4 orc wizards
  10 worker ants
  2 mummies (Ossuary)
  12 gnolls
  14 adders
  4 shadow imps
  An ooze (D:3)
  An adder skeleton (D:8)
  7 adder zombies
  5 worms
  3 dart slugs
  5 leopard geckos
  20 orcs
  4 ball pythons
  3 bats
  12 giant cockroaches
  4 goblins
  8 hobgoblins
  23 jackals
  15 kobolds
  5 quokkas
  6 frilled lizards
  A giant cockroach zombie (D:5)
  14 hobgoblin zombies (Ossuary)
  2 jackal zombies (Ossuary)
  3 kobold zombies (Ossuary)
  A leopard gecko zombie (D:6)
  13 orc zombies (Ossuary)
  13 rats
  2 plants (Lair:3)
387 creatures vanquished.

Vanquished Creatures (collateral kills)
  3 killer bees (D:10)
3 creatures vanquished.

Vanquished Creatures (others)
  3 plants (Lair:3)
3 creatures vanquished.

Grand Total: 393 creatures vanquished

Notes
Turn   | Place    | Note
-------+----------+-------------------------------------------
     0 | D:1      | Naphistim the Minotaur Berserker began the quest for the
                  | Orb.
     0 | D:1      | Reached XP level 1. HP: 19/19 MP: 0/0
    97 | D:1      | Reached XP level 2. HP: 25/27 MP: 1/1
  1100 | D:2      | Reached XP level 3. HP: 31/33 MP: 2/2
  1127 | D:2      | Reached ** piety under Trog
  1940 | D:3      | Reached XP level 4. HP: 41/41 MP: 3/3
  2008 | D:3      | Noticed Sigmund
  2028 | D:3      | Killed Sigmund
  2028 | D:3      | Reached skill level 5 in Fighting
  2028 | D:3      | Reached skill level 5 in Axes
  2028 | D:3      | Reached XP level 5. HP: 38/48 MP: 4/4
  2053 | D:3      | Reached XP level 6. HP: 53/56 MP: 5/5
  2187 | D:3      | Noticed Terence
  2193 | D:3      | Killed Terence
  2239 | D:3      | Reached *** piety under Trog
  2359 | D:3      | Reached skill level 5 in Armour
  2584 | D:4      | Found a staircase to the Ecumenical Temple.
  2662 | D:4      | Found a shimmering altar of Xom.
  2663 | D:4      | Found a white marble altar of Elyvilon.
  2663 | D:4      | Noticed a yak
  2664 | D:4      | Found an ancient bone altar of Kikubaaqudgha.
  2682 | D:4      | Found a transporter.
  2725 | D:4      | Found a transporter.
  2822 | D:4      | Reached XP level 7. HP: 64/64 MP: 6/6
  2827 | D:4      | Killed a yak
  2896 | D:4      | Found a transporter.
  3136 | D:4      | Found a transporter.
  3316 | D:4      | Reached XP level 8. HP: 61/73 MP: 7/7
  3358 | D:5      | Entered Level 5 of the Dungeon
  3531 | D:5      | Found a bloodstained altar of Trog.
  3531 | D:5      | Noticed Dowan
  3531 | D:5      | Noticed Duvessa
  3544 | D:5      | Killed Duvessa
  3546 | D:5      | Killed Dowan
  3546 | D:5      | Reached **** piety under Trog
  3548 | D:5      | Received a gift from Trog
  3918 | D:5      | Gained mutation: You are resistant to hostile enchantments.
                  | (MR+) [potion of mutation]
  3918 | D:5      | Gained mutation: You have a pair of large horns on your
                  | head. [potion of mutation]
  4069 | D:5      | Found an ornate altar of the Wu Jian Council.
  4180 | D:5      | Found a sacrificial altar of Ru.
  4290 | D:6      | Got a smoking plate armour
  4301 | D:6      | Identified the +9 plate armour "Pusap" {rF++ rC- Str+7}
                  | (You found it on level 6 of the Dungeon)
  4451 | D:6      | Found a shadowy altar of Dithmenos.
  4694 | D:6      | Reached XP level 9. HP: 76/83 MP: 8/8
  4960 | D:7      | Found a stormy altar of Qazlal.
  5004 | D:7      | Noticed Menkaure
  5015 | D:7      | Killed Menkaure
  5069 | D:7      | Found a sand-covered staircase.
  5094 | Ossuary  | Entered an ossuary
  5297 | D:7      | Reached ***** piety under Trog
  5415 | D:7      | Found a blossoming altar of Fedhas.
  5419 | D:7      | Reached skill level 10 in Axes
  5435 | D:7      | Reached skill level 10 in Fighting
  5593 | D:7      | Found a shattered altar of Ashenzari.
  5862 | D:8      | Found a glowing silver altar of Zin.
  5879 | D:8      | Reached skill level 10 in Armour
  5996 | D:8      | Found a hazy altar of Hepliaklqana.
  6077 | D:8      | Reached XP level 10. HP: 91/94 MP: 9/9
  6096 | D:8      | Noticed a two-headed ogre
  6102 | D:8      | Killed a two-headed ogre
  6223 | D:8      | Received a gift from Trog
  6256 | D:8      | Noticed a three-headed hydra
  6260 | D:8      | Killed a five-headed hydra
  6485 | D:8      | Found a blossoming altar of Fedhas.
  6514 | D:8      | Found a blossoming altar of Fedhas.
  6779 | D:9      | Found a glowing silver altar of Zin.
  7068 | D:9      | Noticed a centaur warrior
  7074 | D:9      | Killed a centaur warrior
  7074 | D:9      | Reached XP level 11. HP: 104/104 MP: 10/10
  7609 | D:10     | Entered Level 10 of the Dungeon
  7693 | D:10     | Received a gift from Trog
  7750 | D:10     | Found a transporter.
  7754 | D:10     | Found a transporter.
  7755 | D:10     | Noticed PixelatedCat's ghost (journeyman GrFi)
  7828 | D:10     | Paralysed by a hornet for 3 turns
  7842 | D:10     | Killed PixelatedCat's ghost
  8158 | D:10     | Found a staircase to the Lair.
  8175 | Lair:1   | Entered Level 1 of the Lair of Beasts
  8216 | D:10     | Found a staircase to the Orcish Mines.
  8375 | D:10     | Noticed a two-headed ogre
  8382 | D:10     | Killed a two-headed ogre
  8416 | D:10     | Found Zaebrosaz's General Store.
  9485 | Lair:2   | Reached XP level 12. HP: 84/115 MP: 11/11
  9665 | Lair:2   | Noticed a four-headed hydra
  9672 | Lair:2   | Killed a six-headed hydra
 10768 | Lair:3   | Found a hole to the Spider Nest.
 10824 | Lair:3   | Noticed a six-headed hydra
 10831 | Lair:3   | Killed a nine-headed hydra
 10899 | Lair:3   | Found a staircase to the Shoals.
 11166 | Lair:3   | HP: 2/118 [acid (10)]
 11166 | Lair:3   | Killed from afar by an oklob plant

Skill      XL: |  1  2  3  4  5  6  7  8  9 10 11 12 |
---------------+-------------------------------------+-----
Axes           | 4 5 6 7 9 10 12 13 14 | 14.7
Fighting       | 4 5 6 7 9 10 12 13 14 | 14.6
Armour         | 3 4 5 6 8 10 11 13 14 | 14.4
Dodging        | |  2.1

Action                   |  1- 3 |  4- 6 |  7- 9 | 10-12 || total
-------------------------+-------+-------+-------+-------++-------
Melee: Hand axe          |    69 |   104 |   258 |       ||   431
       Headbutt          |    12 |    20 |    68 |    88 ||   188
       War axe           |       |       |    57 |    22 ||    79
       Battleaxe         |       |       |       |   274 ||   274
Invok: Berserk           |       |     2 |     3 |     6 ||    11
       Brothers in Arms  |       |       |       |     2 ||     2
  Use: Scroll            |     4 |       |     7 |     4 ||    15
       Potion            |     6 |       |     5 |     2 ||    13
 Stab: Distracted        |     1 |       |     1 |     1 ||     3
       Sleeping          |     1 |       |       |       ||     1
  Eat: Chunk             |     3 |     4 |     9 |    16 ||    32
       Ration            |       |       |     2 |     2 ||     4
Armor: Animal skin       |     8 |       |       |       ||     8
       Scale mail        |     6 |       |       |       ||     6
       Chain mail        |     3 |    53 |    49 |       ||   105
       Plate armour      |       |       |   127 |   253 ||   380
Dodge: Dodged            |    36 |    47 |   111 |   139 ||   333
